 Dungeon Crawl Stone Soup version 0.20.0-15-g7f486f2 (webtiles) character file.

216677 greprep the Warrior (level 18, -5/171 HPs)
             Began as a Minotaur Fighter on June 9, 2017.
             Was the Champion of Ashenzari.
             Killed from afar by Nikola (21 damage)
             ... with a chain lightning
             ... on level 4 of the Spider Nest.
             The game lasted 01:42:20 (39753 turns).

greprep the Warrior (Minotaur Fighter)             Turns: 39753, Time: 01:42:21

Health: -5/171     AC: 20    Str: 31    XL:     18   Next: 36%
Magic:  22/22      EV: 21    Int:  5    God:    Ashenzari [******]
Gold:   2987       SH: 18    Dex: 13    Spells: 19/19 levels left

rFire    + . .     SeeInvis +   d - +8 mace of the Traitor {elec, +Blink rC+ MR+ Str+4} (curse)
rCold    + . .     Gourm    .   c - +0 shield (curse)
rNeg     . . .     Faith    .   j - +2 scale mail {MR+} (curse)
rPois    .         Spirit   .   (helmet restricted)
rElec    .         Reflect  +   (no cloak)
rCorr    .         Harm     .   Q - +2 pair of gloves (curse)
MR       +++..     Clarity  +   s - +2 pair of boots (curse)
Stlth    ..........             D - +2 amulet of reflection (curse)
Regen    0.4/turn               Z - ring of protection from fire
MPRegen  0.2/turn               t - ring of the Real Monster {Wiz Dex+3 Slay+5} (curse)

@: studying Axes
A: retaliatory headbutt, horns 2, clumsy 1
}: 1/15 runes: barnacled
a: Curse Item, Scrying, Transfer Knowledge, Renounce Religion, Evoke Blink


You were on level 4 of the Spider Nest.
You worshipped Ashenzari.
Ashenzari was exalted by your worship.
You were not hungry.

You visited 6 branches of the dungeon, and saw 32 of its levels.
You also visited: Ice Cave.

You collected 3003 gold pieces.
You spent 16 gold pieces at shops.

Inventory:

Hand Weapons
 a - a +2 long sword of holy wrath
 d - the cursed +8 mace of the Traitor (weapon) {elec, +Blink rC+ MR+ Str+4}
   (You found it on level 4 of the Dungeon)

   Occasionally, upon striking a foe, it will discharge some electrical energy
   and cause terrible harm.
   It affects your strength (+4).
   It protects you from cold.
   It affects your resistance to hostile enchantments.
   It lets you blink.
   It has a curse placed upon it.
 U - a +1 vampiric long sword
 W - a +4 scimitar of flaming
Armour
 c - a cursed +0 shield (worn)
 j - a cursed +2 scale mail of magic resistance (worn)
 s - a cursed +2 pair of boots (worn)
 G - a +0 large shield
 Q - a cursed +2 pair of gloves (worn)
Jewellery
 t - the cursed ring of the Real Monster (right hand) {Wiz Dex+3 Slay+5}
   (You found it on level 12 of the Dungeon)

   [ring of wizardry]

   It improves your spell success rate.
   It affects your dexterity (+3).
   It affects your accuracy and damage with ranged weapons and melee attacks
   (+5).
   It has a curse placed upon it.
 D - a cursed +2 amulet of reflection (around neck)
 N - an uncursed ring of positive energy
 P - an uncursed ring of protection from fire
 V - an uncursed ring of resist corrosion
 Y - an uncursed ring of protection from magic
 Z - a ring of protection from fire (left hand)
Wands
 n - a wand of digging (21/24)
 w - a wand of disintegration (20/24)
 E - a wand of polymorph (7/24)
Scrolls
 e - 3 scrolls of magic mapping
 k - 11 scrolls of remove curse
 m - a scroll of silence
 q - 2 scrolls of amnesia
 y - 4 scrolls of fog
 z - 15 scrolls of teleportation
 C - 2 scrolls of enchant armour
 F - 3 scrolls of fear
 H - 4 scrolls of enchant weapon
 J - 2 scrolls of recharging
 M - a scroll of brand weapon
 S - a scroll of blinking
 X - 10 scrolls of identify
Potions
 b - 3 potions of lignification
 g - 4 potions of resistance
 l - 2 potions of berserk rage
 p - 4 potions of curing
 r - 3 potions of heal wounds
 v - 6 potions of flight
 x - a potion of might
 A - 3 potions of cancellation
 B - 5 potions of haste
 I - a potion of magic
 K - 2 potions of mutation
 L - a potion of invisibility
 R - a potion of ambrosia {unknown}
 T - 2 potions of agility
Books
 o - a manual of Axes
Comestibles
 f - 14 bread rations
 h - 4 meat rations
 i - 25 royal jellies
 u - 27 fruits


   Skills:
 + Level 17.9 Fighting
 + Level 13.1(16.0) Axes
 + Level 15.5(20.6) Maces & Flails
 + Level 16.0(18.5) Armour
 + Level 15.7(18.3) Dodging
 + Level 16.6(19.0) Shields
 - Level 1.3 Spellcasting
   Level 0.0(0.4) Charms
   Level 0.0(0.4) Air Magic
 - Level 7.7(10.7) Evocations


You had 19 spell levels left.
You didn't know any spells.

Dungeon Overview and Level Annotations

Branches:
Dungeon (15/15)            Temple (1/1) D:4            Lair (6/6) D:8
 Shoals (4/4) Lair:2       Spider (4/4) Lair:2        Slime (0/5) Lair:5
    Orc (2/2) D:12            Elf (0/3) Orc:2        Vaults (0/5) D:13
 Depths (0/5) D:15

Altars:
Ashenzari
Cheibriados
Dithmenos
Elyvilon
Fedhas
Gozag
Hepliaklqana
Kikubaaqudgha
Makhleb
Nemelex Xobeh
Okawaru
Qazlal
Ru
Sif Muna
Trog
Uskayaw
Vehumet
Xom
Yredelemnul
Zin
The Shining One
Beogh
Jiyva

Shops:
D:5 *=%[   D:11 !(   D:13 :   Orc:2 :*![   Shoals:4 (

Portals:
Hell: Lair:6

Annotations:
Spider:4 Nikola


Innate Abilities, Weirdness & Mutations

You reflexively headbutt those who attack you in melee.
You have a pair of horns on your head.
You are clumsy. (Dex -2)


Message History

The lightning arc hits you!
The lightning arc hits Nikola.
The lightning arc hits you!
The lightning arc hits Nikola.
The lightning arc hits you!
* * * LOW HITPOINT WARNING * * *
The lightning arc grounds out.
You block the tarantella's attack.
You hear an angry buzzing noise.
You hear an angry hiss. x2
You hear an angry buzzing noise.
You closely miss the tarantella. Your headbutt misses the tarantella.
The tarantella is almost dead.
The tarantella completely misses you.
You hear a distant blaring wail to the east.
You hit the tarantella.
You kill the tarantella!
Nikola yells, "Danger!
Danger!
High voltage!"
Nikola gestures wildly while chanting.
You hear a mighty clap of thunder!
The lightning arc hits you!
* * * LOW HITPOINT WARNING * * *
The lightning arc hits Nikola.
The lightning arc hits you!
You die...

,* ,,, * , , ,,, *,,, ,* ,
, , ,..^ ,, , , , , ...,,
,,,, , *, , ,,,, ,, ...# ,*
,, , ,,, ,,,^.... , * ***,
####.... ,,*, , * , ,
,###....# , ,* , ** ,
,#.....#* ** , , *,, *
,,####..@# ,, ,, ,, * ,,
,,, #.....#....# ,,,, , *,
, ,##.....#....# ** ,* *
,##.....@#....# ,, * *,,,,,
#..^...^...###...{ {*.# ,
**,, ##.....^†####.....
*#..., ,
*#......###......#,.##.....
* **
###.†#....{.....#,........
#.^.^###.......####..^...#


You could see Nikola.

Vanquished Creatures
  Rupert (Lair:6)
  Agnes (D:15)
  Ilsuiw (Shoals:4)
  3 emperor scorpions
  An orc warlord (Orc:2)
  An entropy weaver (Spider:2)
  Azrael (Orc:2)
  3 merfolk javelineers
  The ghost of Dominolapin the Geomancer, a journeyman GrEE of Sif Muna (IceCv)
  10 merfolk impalers
  An ogre mage (D:15)
  7 hydras
  Erolcha (D:10)
  A yaktaur captain (D:13)
  9 merfolk avatars
  13 two-headed ogres
  5 merfolk aquamancers
  Erica (D:10)
  4 centaur warriors
  3 satyrs
  2 alligator snapping turtles (Shoals:4)
  2 dancing weapons (D:13)
  The ghost of feelmyfire the Basher, a novice DsGl of Gozag (D:10)
  10 death yaks
  A vampire mage (D:15)
  4 orc high priests (Orc:2)
  A sixfirhy (Lair:6)
  7 skeletal warriors
  17 sea snakes
  3 unseen horrors
  A tengu zombie (D:15)
  A wolf spider zombie (D:15)
  14 harpies
  A wizard (Lair:6)
  5 orc knights (Orc:2)
  2 necromancers
  A lindwurm (Lair:6)
  9 orb spiders
  16 manticores
  A stone giant zombie (D:15)
  2 moths of wrath
  20 fauns
  12 ugly things
  9 wolf spiders
  4 orc sorcerers
  3 deep elf magi
  A frost giant zombie (D:15)
  3 cyclopes
  4 oklob plants (Lair:2)
  2 guardian serpents (D:13)
  Maurice (Orc:2)
  A centaur zombie (D:13)
  5 water nymphs
  23 elephants (Lair:6)
  Joseph (D:9)
  6 black mambas
  14 merfolk sirens
  2 ice statues (IceCv)
  4 gargoyles
  4 orange demons (Lair:6)
  11 spiny frogs
  2 torpor snails
  7 centaur skeletons
  7 ice devils (IceCv)
  A yaktaur (D:15)
  6 demonic crawlers
  An efreet (D:13)
  3 rime drakes (Lair:6)
  12 komodo dragons
  A tengu conjurer (D:14)
  A hellwing (Lair:6)
  2 queen bees
  17 jumping spiders
  A freezing wraith (D:15)
  10 trolls
  A red devil (Lair:6)
  9 wind drakes
  2 meliai (Spider:3)
  A polar bear (Lair:5)
  6 hornets
  30 merfolk
  9 dream sheep
  9 hippogriffs
  6 slime creatures
  An ettin zombie (D:15)
  13 snapping turtles
  12 blink frogs
  A meliai zombie (D:14)
  55 redbacks
  7 water elementals
  4 wyverns
  3 vampires
  2 wraiths
  A shadow (D:12)
  40 yaks
  Eustachio (D:6)
  18 tarantellas
  7 basilisks
  A hungry ghost (D:12)
  3 fire elementals (Orc:2)
  3 wargs (Orc:2)
  4 vampire mosquitoes (D:13)
  Menkaure (D:4)
  2 soldier ants
  9 hell hounds
  2 acid dragons
  14 water moccasins
  Duvessa (D:4)
  7 porcupines
  2 black bears
  4 sky beasts
  5 ice beasts
  A hornet zombie (D:6)
  2 eyes of draining
  49 orc warriors
  6 phantoms
  15 ogres
  3 wolves (Lair:6)
  11 centaurs
  15 crocodiles
  16 bullfrogs
  Dowan (D:4)
  A wyvern zombie (D:11)
  3 scorpions
  39 killer bees
  The ghost of dobroeutro the Chopper, a weakling DsFi (D:3)
  2 wights (D:11)
  2 electric eels (Spider:2)
  6 crimson imps
  A draconian simulacrum (IceCv)
  2 jellies
  21 orc wizards
  30 orc priests
  Crazy Yiuf (D:4)
  5 hounds
  3 bullfrog skeletons
  6 iguanas
  13 worker ants
  A spriggan simulacrum (IceCv)
  A killer bee zombie (D:9)
  3 troll simulacra (IceCv)
  A centaur simulacrum (IceCv)
  A hound zombie (D:6)
  A howler monkey skeleton (D:7)
  An ogre simulacrum (IceCv)
  19 adders
  3 naga simulacra (IceCv)
  2 shadow imps (D:14)
  2 adder skeletons (D:4)
  A worm (D:2)
  2 dart slugs (D:2)
  4 leopard geckos
  107 orcs
  2 bats (D:2)
  5 giant cockroaches
  8 goblins
  8 hobgoblins
  9 jackals
  4 quokkas
  2 ball pythons
  5 frilled lizards
  7 kobolds
  5 rats
  A fire vortex (D:14)
  A plant (Lair:2)
  4 tentacles (Shoals:3)
1131 creatures vanquished.

Vanquished Creatures (others)
  Nessos (Lair:6)
  A merfolk javelineer (Shoals:3)
  A satyr (Shoals:3)
  A manticore (Shoals:3)
  2 fauns
  A meliai (Spider:3)
  A merfolk (Shoals:3)
  A dream sheep (Shoals:4)
  A centaur (D:15)
  2 adders (D:4)
  An orc (Orc:2)
  2 fungi (Lair:6)
  9 plants
  4 tentacles (Shoals:3)
  4 toadstools (D:1)
  2 withered plants (D:15)
34 creatures vanquished.

Grand Total: 1165 creatures vanquished

Notes
Turn   | Place    | Note
-------+----------+-------------------------------------------
     0 | D:1      | greprep the Minotaur Fighter began the quest for the Orb.
     0 | D:1      | Reached XP level 1. HP: 19/19 MP: 0/0
    99 | D:1      | Reached XP level 2. HP: 27/27 MP: 1/1
   213 | D:1      | Reached skill level 4 in Fighting
   300 | D:1      | Reached XP level 3. HP: 32/33 MP: 2/2
   561 | D:1      | Reached skill level 1 in Dodging
  1271 | D:2      | Reached XP level 4. HP: 41/41 MP: 3/3
  1422 | D:3      | Noticed dobroeutro's ghost (weakling DsFi)
  1435 | D:3      | Killed dobroeutro's ghost
  1662 | D:3      | Reached XP level 5. HP: 47/47 MP: 4/4
  1887 | D:4      | Noticed Menkaure
  1890 | D:4      | Found a staircase to the Ecumenical Temple.
  1896 | D:4      | Killed Menkaure
  1896 | D:4      | Reached skill level 5 in Fighting
  1896 | D:4      | Reached skill level 5 in Shields
  1896 | D:4      | Reached XP level 6. HP: 34/56 MP: 5/5
  1904 | Temple   | Entered the Ecumenical Temple
  1956 | Temple   | Became a worshipper of Ashenzari the Shackled
  2127 | D:4      | Noticed Dowan
  2128 | D:4      | Noticed Duvessa
  2144 | D:4      | Killed Duvessa
  2144 | D:4      | Reached skill level 5 in Armour
  2152 | D:4      | Killed Dowan
  2506 | D:4      | Found a shimmering altar of Xom.
  2538 | D:4      | Got the mace of the Traitor {elec, +Blink rC+ MR+ Str+4}
  2539 | D:4      | Identified the +8 mace of the Traitor {elec, +Blink rC+ MR+ Str+4} (You found it on level 4 of the Dungeon)
  2714 | D:4      | Reached XP level 7. HP: 60/61 MP: 6/6
  3089 | D:4      | Found a runed door.
  3129 | D:4      | Noticed Crazy Yiuf
  3133 | D:4      | Killed Crazy Yiuf
  3133 | D:4      | Reached skill level 1 in Maces & Flails
  3518 | D:5      | Entered Level 5 of the Dungeon
  3572 | D:5      | Found Jeplouzo's Food Shoppe.
  3604 | D:5      | Found Kopsegg's Antique Armour Boutique.
  3671 | D:5      | Reached skill level 1 in Evocations
  3864 | D:5      | Found Eleasal's Assorted Antiques.
  4227 | D:5      | Reached skill level 6 in Fighting
  4238 | D:5      | Reached XP level 8. HP: 54/70 MP: 8/8
  4263 | D:5      | Found Hiutef's Jewellery Boutique.
  4510 | D:6      | Reached * piety under Ashenzari
  4538 | D:6      | Noticed Eustachio
  4569 | D:6      | Killed Eustachio
  5124 | D:6      | Reached skill level 7 in Fighting
  5211 | D:6      | Reached skill level 5 in Dodging
  5337 | D:6      | Reached XP level 9. HP: 79/79 MP: 10/10
  5972 | D:8      | Reached ** piety under Ashenzari
  6274 | D:8      | Found a staircase to the Lair.
  6362 | D:9      | Reached skill level 5 in Maces & Flails
  6368 | D:9      | Reached skill level 8 in Fighting
  6891 | D:9      | Noticed a troll
  6894 | D:9      | Killed a troll
  6927 | D:9      | Reached XP level 10. HP: 90/90 MP: 12/12
  7653 | D:9      | Reached skill level 9 in Fighting
  7771 | D:9      | Noticed Joseph
  7788 | D:9      | Killed Joseph
  7788 | D:9      | Reached skill level 5 in Evocations
  7986 | D:10     | Entered Level 10 of the Dungeon
  8000 | D:10     | Noticed feelmyfire's ghost (novice DsGl)
  8022 | D:10     | Killed feelmyfire's ghost
  8170 | D:10     | Noticed a two-headed ogre
  8172 | D:10     | Killed a two-headed ogre
  8215 | D:10     | Reached XP level 11. HP: 85/97 MP: 14/14
  8339 | D:10     | Reached *** piety under Ashenzari
  8623 | D:10     | Noticed a two-headed ogre
  8631 | D:10     | Killed a two-headed ogre
  8643 | D:10     | Noticed Erolcha
  8648 | D:10     | Killed Erolcha
  8845 | D:10     | Noticed a two-headed ogre
  8852 | D:10     | Killed a two-headed ogre
  8857 | D:10     | Reached skill level 10 in Fighting
  8863 | D:10     | Reached skill level 10 in Shields
  9080 | D:10     | Noticed Erica
  9088 | D:10     | Killed Erica
  9519 | D:11     | Found Vediwk's Weapon Emporium.
  9692 | D:11     | Noticed a two-headed ogre
  9702 | D:11     | Killed a two-headed ogre
  9702 | D:11     | Reached skill level 10 in Armour
  9761 | D:11     | Noticed a cyan ugly thing
  9792 | D:10     | Killed a cyan ugly thing
 10261 | D:11     | Found Xahy's Distillery.
 10265 | D:11     | Bought a potion of degeneration for 16 gold pieces
 10580 | D:11     | Noticed a white ugly thing
 10587 | D:11     | Killed a white ugly thing
 10623 | D:11     | Reached XP level 12. HP: 88/108 MP: 16/16
 10648 | D:11     | Reached **** piety under Ashenzari
 11263 | D:12     | Identified the ring of the Real Monster {Wiz Dex+3 Slay+5}
 11270 | D:12     | Found a staircase to the Orcish Mines.
 11295 | D:12     | Found a runed door.
 11328 | D:12     | Reached skill level 11 in Fighting
 11717 | D:12     | Identified the +2 leather armour "Hehadiss" {rElec}
 12097 | Lair:1   | Entered Level 1 of the Lair of Beasts
 12522 | Lair:1   | Reached skill level 1 in Spellcasting
 12530 | Lair:1   | Noticed a seven-headed hydra
 12548 | Lair:1   | Killed a seven-headed hydra
 13217 | Lair:2   | Reached ***** piety under Ashenzari
 13220 | Lair:2   | Reached skill level 10 in Maces & Flails
 13220 | Lair:2   | Reached skill level 10 in Dodging
 13220 | Lair:2   | Reached XP level 13. HP: 116/116 MP: 17/17
 13400 | Lair:2   | Found a radiant altar of Vehumet.
 13416 | Lair:2   | Found a staircase to the Shoals.
 13666 | Lair:2   | Found a hole to the Spider Nest.
 13780 | Lair:2   | Learned a level 6 spell: Deflect Missiles
 13812 | Lair:2   | Reached skill level 1 in Charms
 13869 | Lair:2   | Reduced skill Long Blades to level 1
 13895 | Lair:2   | Reached skill level 12 in Fighting
 13950 | Lair:1   | Reached skill level 1 in Air Magic
 14627 | Lair:3   | Found a frozen archway.
 14641 | IceCv    | Entered an ice cave
 14651 | IceCv    | Noticed Dominolapin's ghost (journeyman GrEE)
 14689 | IceCv    | Killed Dominolapin's ghost
 16793 | Lair:4   | Reached XP level 14. HP: 115/127 MP: 18/18
 17056 | Lair:5   | Found a viscous altar of Jiyva.
 17056 | Lair:5   | Found a staircase to the Slime Pits.
 17418 | Lair:6   | Entered Level 6 of the Lair of Beasts
 17497 | Lair:6   | Reached ****** piety under Ashenzari
 17587 | Lair:6   | Noticed Nessos
 17601 | Lair:6   | Killed Nessos
 18427 | Lair:6   | Reached skill level 13 in Fighting
 18787 | Lair:6   | Noticed Rupert
 18797 | Lair:6   | Killed Rupert
 19014 | Lair:6   | Reached XP level 15. HP: 135/135 MP: 20/20
 19016 | Lair:6   | Found a burning altar of Makhleb.
 19208 | Lair:6   | Found a gateway to Hell.
 19563 | Orc:1    | Entered Level 1 of the Orcish Mines
 19752 | Orc:1    | Found a roughly hewn altar of Beogh.
 20102 | Orc:2    | Entered Level 2 of the Orcish Mines
 20168 | Orc:2    | Noticed Maurice
 20183 | Orc:2    | Noticed Azrael
 20186 | Orc:2    | Killed Maurice
 20218 | Orc:2    | Killed Azrael
 20803 | Orc:2    | Noticed an orc warlord
 20820 | Orc:2    | Killed an orc warlord
 20824 | Orc:2    | Reached skill level 14 in Fighting
 20961 | Orc:2    | Found a roughly hewn altar of Beogh.
 20982 | Orc:2    | Found Taruma's Armour Boutique.
 21102 | Orc:2    | Found Cotz's Distillery.
 21272 | Orc:2    | Gained mutation: You are clumsy. (Dex -2) [a neqoxec]
 21754 | Orc:2    | Found Irrehemi's Book Boutique.
 21758 | Orc:2    | Found Doust's General Store.
 21804 | Orc:2    | Found a roughly hewn altar of Beogh.
 22194 | Orc:2    | Found a staircase to the Elven Halls.
 22663 | D:13     | Found a gate to the Vaults.
 22674 | D:13     | Reached skill level 15 in Fighting
 23085 | D:13     | Found Suffiunk's Book Boutique.
 23251 | D:13     | Identified the +1 robe "Jeoroon" {rC+ Stlth+}
 23932 | D:14     | Found a blossoming altar of Fedhas.
 24294 | D:14     | Reached skill level 1 in Axes
 24355 | D:15     | Entered Level 15 of the Dungeon
 24390 | D:15     | Identified the +5 hand axe of Anguish {chop, Int+2}
 24390 | D:15     | Noticed Agnes
 24399 | D:15     | Killed Agnes
 24399 | D:15     | Reduced skill Charms to level 1
 24544 | D:15     | Reached XP level 16. HP: 149/149 MP: 21/21
 24717 | D:15     | Found a staircase to the Depths.
 25274 | D:15     | Reached skill level 16 in Fighting
 25307 | D:15     | Reduced skill Air Magic to level 1
 25307 | D:15     | Reached skill level 5 in Axes
 26177 | Shoals:1 | Entered Level 1 of the Shoals
 27545 | Shoals:1 | Reached skill level 15 in Shields
 28412 | Shoals:2 | Found a runed door.
 29501 | Shoals:3 | Reached skill level 17 in Fighting
 29758 | Shoals:3 | Reached XP level 17. HP: 155/161 MP: 21/21
 29841 | Shoals:3 | Reduced skill Spellcasting to level 1
 30221 | Shoals:4 | Entered Level 4 of the Shoals
 31326 | Shoals:4 | Reached skill level 15 in Armour
 32512 | Shoals:2 | Reached skill level 10 in Axes
 32776 | Shoals:4 | Got a barnacled rune of Zot
 32966 | Shoals:4 | Reached skill level 15 in Dodging
 33465 | Shoals:4 | Noticed Ilsuiw
 34560 | Shoals:4 | Reached skill level 15 in Maces & Flails
 34946 | Shoals:4 | Killed Ilsuiw
 35112 | Shoals:3 | Noticed a kraken
 35688 | Shoals:4 | Found Waun Dauno's Antique Weapon Shoppe.
 36076 | Shoals:4 | Identified the +1 ring mail of the Eleven Songs {+Blink Str+3}
 36478 | Spider:1 | Entered Level 1 of the Spider Nest
 37376 | Spider:1 | Reached XP level 18. HP: 154/171 MP: 22/22
 37897 | Spider:2 | Paralysed by a hornet for 1 turns
 39482 | Spider:4 | Entered Level 4 of the Spider Nest
 39740 | Spider:4 | Noticed Nikola
 39753 | Spider:4 | Killed from afar by Nikola

Skill      XL: |  1  2  3  4  5  6  7  8  9 10 11 12 13 14 15 16 17 18 |
---------------+-------------------------------------------------------+-----
Fighting       | 4 5 6 7 8 9 10 11 12 13 15 17 | 17.9
Dodging        | 1 2 4 5 6 7 8 10 11 12 14 15 | 15.7
Armour         | 4 5 6 7 8 9 10 11 12 13 14 15 16 | 16.0
Shields        | 4 5 6 8 9 10 11 12 13 14 15 16 | 16.6
Long Blades    | 3 4 0 |  0.0
Maces & Flails | 2 3 5 7 8 10 11 13 14 15 | 15.5
Evocations     | 1 3 4 5 6 7 |  7.7
Spellcasting   | 1 3 4 2 1 |  1.3
Charms         | 3 4 0 |  0.0
Air Magic      | 2 3 4 0 |  0.0
Axes           | 2 8 12 13 | 13.1

Action                   |  1- 3 |  4- 6 |  7- 9 | 10-12 | 13-15 | 16-18 || total
-------------------------+-------+-------+-------+-------+-------+-------++-------
Melee: Long sword        |    90 |    83 |       |       |       |       ||   173
       Headbutt          |     6 |    20 |    37 |   123 |   363 |   389 ||   938
       Mace              |       |     4 |   261 |   462 |  1155 |  1257 ||  3139
Invok: Curse Item        |       |       |     3 |     3 |     1 |       ||     7
       Transfer Knowledg |       |       |       |       |     3 |     2 ||     5
       Scrying           |       |       |       |       |       |     1 ||     1
 Abil: Evoke Blink       |       |       |       |     2 |       |     1 ||     3
Evoke: Wand              |       |       |       |     1 |       |       ||     1
  Use: Potion            |       |     1 |     1 |     1 |     3 |     8 ||    14
       Scroll            |       |       |       |    19 |    17 |     3 ||    39
  Eat: Chunk             |       |     5 |    13 |    14 |    20 |    14 ||    66
       Fruit             |       |       |     3 |       |       |     2 ||     5
       Meat ration       |       |       |       |     1 |     4 |     6 ||    11
Armor: Scale mail        |    34 |     7 |       |       |    24 |   264 ||   329
       Ring mail         |       |    21 |    62 |    32 |       |       ||   115
       Chain mail        |       |       |       |    66 |   178 |       ||   244
Dodge: Dodged            |    34 |    20 |   113 |   124 |   313 |   631 ||  1235
Block: Shield            |    53 |    52 |   174 |   242 |   719 |  1141 ||  2381
       Reflection        |       |       |       |     2 |    23 |   108 ||   133
       Rpst.: Long sword |     9 |     9 |       |       |       |       ||    18
